Map: Arctic Dream LE

Players

Shiro - Winner!

  • Race: Terran Terran
  • Spawn Location: 11:00

A.I. 1 (Very Easy)

  • Race: Protoss Protoss
  • Spawn Location: 5:00

VOD

Have the link to the VOD?

Description

Time

  • Played on: May 24, 2020, 6:58 a.m.
  • Length: 9:51
Show
View Real Time Build Order
Export as new Build Order

Shiro Terran - Winner!

Build Orders:  

Get SALT Encoding   

  12  0:00  SCV  
  13  0:13  SCV  
  14  0:17  Supply Depot  
  14  0:25  SCV  
  15  0:39  SCV  
  15  0:40  Barracks  
  16  0:51  SCV  
  16  0:52  Refinery  
  17  1:03  SCV  
  18  1:15  SCV  
  19  1:28  Orbital Command  
  19  1:35  Command Center  
  19  1:54  SCV  
  20  2:00  Supply Depot  
  20  2:06  SCV  
  21  2:16  Barracks  
  21  2:18  SCV  
  22  2:24  Barracks  
  22  2:30  SCV  
  22  2:36  Barracks  
  23  2:41  Barracks  
  23  2:42  SCV  
  24  2:47  Barracks  
  24  2:50  Barracks  
  24  2:51  SCV  
  24  2:54  SCV  
  26  3:00  Engineering Bay  
  26  3:02  Barracks Tech Lab  
  26  3:08  Orbital Command  
  26  3:13  SCV  
  27  3:22  Marine x3  
  27  3:23  Marine  
  27  3:25  SCV  
  32  3:33  SCV  
  33  3:35  Terran Infantry Weapons Level 1  
  33  3:37  Stimpack  
  33  3:38  SCV  
  34  3:43  Barracks Tech Lab  
  34  3:45  SCV, Marine  
  36  3:50  SCV  
  36  3:51  Supply Depot  
  36  3:53  Supply Depot  
  36  3:55  Marine x2  
  39  3:57  Marine  
  39  3:58  SCV  
  39  3:59  Marine  
  39  4:02  SCV  
  43  4:05  Marine x2  
  43  4:06  Marine  
  46  4:12  SCV  
  46  4:13  Marine  
  46  4:14  SCV  
  46  4:16  Supply Depot  
  49  4:17  Supply Depot  
  49  4:23  Combat Shield  
  49  4:28  Marine x2  
  49  4:29  Marine x4  
  49  4:30  Marine  
  56  4:38  Supply Depot  
  56  4:40  Supply Depot  
  56  4:46  Marine x4  
  60  4:53  Command Center  
  60  4:54  Marine x3  
  63  5:04  Marine x4  
  67  5:10  Supply Depot x2  
  67  5:12  Marine x3  
  67  5:13  SCV  
  71  5:14  SCV  
  72  5:21  Marine  
  72  5:22  Marine  
  72  5:23  Marine x2  
  72  5:25  SCV  
  77  5:30  Marine x3  
  77  5:34  Refinery, SCV  
  81  5:37  SCV  
  81  5:39  Refinery, Marine  
  81  5:40  Marine x2  
  81  5:41  Marine  
  86  5:47  SCV, Marine  
  86  5:48  Marine x2  
  90  5:52  SCV  
  91  5:57  Marine x2  
  91  5:58  Marine x2  
  91  5:59  SCV  
  96  6:05  Marine x2  
  96  6:06  Orbital Command, Marine  
  99  6:15  SCV x2, Marine x2  
  99  6:16  Marine x2  
  105  6:23  Marine x3  
  105  6:24  Factory  
  108  6:27  SCV x2  
  110  6:33  SCV, Marine x2  
  110  6:34  Marine x2  
  110  6:37  Supply Depot  
  110  6:39  Supply Depot, SCV x2  
  117  6:41  Marine x3  
  117  6:45  SCV  
  121  6:47  Supply Depot  
  121  6:50  Supply Depot, Marine  
  121  6:51  SCV x2, Marine  
  125  6:57  Terran Infantry Armor Level 1  
  125  6:58  Marine x2  
  125  6:59  Marine x3  
  125  7:00  SCV  
  131  7:03  SCV x2  
  133  7:08  Marine  
  133  7:09  Marine  
  133  7:10  Factory Reactor, Starport  
  133  7:12  SCV  
  133  7:14  Armory  
  133  7:15  Engineering Bay  
  136  7:21  Marine x5  
  136  7:22  SCV  
  142  7:23  SCV  
  142  7:24  SCV  
  142  7:26  Marine  
  145  7:33  Marine  
  146  7:37  Command Center  
  146  7:38  Marine  
  146  7:39  Marine x4  
  151  7:48  Supply Depot  
  151  7:52  Supply Depot  
  151  7:53  Marine x2  
  151  7:56  Medivac x2, Marine x3  
  151  7:57  Marine  
  161  8:02  Marine  
  162  8:10  Supply Depot, Marine  
  162  8:11  Marine  
  164  8:14  Supply Depot, Marine x4  
  164  8:15  Supply Depot  
  168  8:20  Marine  
  169  8:28  Medivac x2, Marine  
  169  8:29  Marine  
  169  8:32  Marine x4  
  179  8:38  Marine  
  180  8:46  Marine x2  
  182  8:50  Marine x4  
  186  8:55  Marine  
  186  9:00  Orbital Command  
  187  9:04  Marine x2  
  187  9:07  Marine  
  187  9:08  Marine x3  
  193  9:11  Medivac x2  
  193  9:13  Marine  
  198  9:22  Marine x2  
Show
View Real Time Build Order
Export as new Build Order

A.I. 1 (Very Easy) Protoss 

Build Orders:  

Get SALT Encoding   

  12  0:00  Probe  
  13  0:13  Probe  
  14  0:19  Pylon  
  14  0:37  Assimilator  
  14  0:42  Gateway  
  14  0:46  Pylon  
  14  1:12  Assimilator  
  14  1:17  Probe  
  15  1:25  Probe  
  16  1:33  Cybernetics Core  
  16  1:34  Probe  
  17  1:44  Probe  
  18  1:56  Probe  
  18  1:59  Warp Gate  
  19  2:04  Probe  
  20  2:11  Stalker  
  22  5:40  Zealot  
  22  5:41  Probe  
  25  5:45  Pylon  
  25  5:47  Robotics Facility  
  25  5:52  Probe  
  26  6:00  Probe  
  26  6:08  Probe  
  27  6:16  Probe  
  26  6:19  Pylon  
  26  6:25  Probe  
  27  6:32  Zealot  
  30  6:35  Observer  
  31  6:57  Observer  
  32  7:03  Nexus  
  32  7:24  Stalker  
  34  8:13  Probe  
  35  8:21  Probe  
  35  8:22  Assimilator  
  35  8:26  Assimilator  
  36  8:28  Probe  
  37  8:34  Probe  
  38  8:45  Probe  
  39  8:52  Probe  
  40  8:59  Probe  
  41  9:06  Probe  
  42  9:14  Probe  
  42  9:16  Stalker  
  45  9:18  Probe  
  44  9:24  Pylon  
  18  9:35  Pylon  
  18  9:38  Pylon  
  18  9:41  Pylon  
Tags
 
Add a new tag
Caveats
  • Supply blocks, unpowered buildings, or Contaminate may cause inaccurate times.
  • Supply counts are checked every 10 seconds.